 Dungeon Crawl Stone Soup version 0.30.1-11-g7821555f0a (webtiles) character file.

Game seed: 12682039962804994747

5306 jagang the Carver (level 10, 0/82 (83) HPs)
             Began as a Human Monk on Dec 26, 2023.
             Was a Priest of the Shining One.
             Slain by a wraith (11 damage)
             ... on level 9 of the Dungeon.
             The game lasted 00:21:35 (8835 turns).

jagang the Carver (Human Monk)                      Turns: 8835, Time: 00:21:35

HP:   0/82 (83)     AC: 12    Str: 12    XL:     10   Next: 95%
MP:   11/11         EV: 12    Int: 10    God:    the Shining One [***...]
Gold: 686           SH:  0    Dex: 20    Spells: 9/9 levels left

rFire   . . .        O - +4 great sword (freeze)
rCold   + . .        (shield currently unavailable)
rNeg    + . .        B - +4 ring mail {rPois}
rPois   +            (no helmet)
rElec   .            s - +0 cloak
rCorr   +            (no gloves)
SInv    .            (no boots)
Will    .....        d - amulet of regeneration
Stlth   +            f - ring of resist corrosion
HPRegen 1.13/turn    o - ring of protection from cold
MPRegen 0.12/turn

%: no passive effects
@: slowed, glowing, lightly drained, very slow
A: no striking features
a: Renounce Religion, Divine Shield, Cleansing Flame


You were on level 9 of the Dungeon.
You worshipped the Shining One.
The Shining One was most pleased with you.
You visited 2 branches of the dungeon, and saw 10 of its levels.

You collected 686 gold pieces.

Inventory:

Hand Weapons
 l - a +2 dagger of venom
 N - a +1 long sword of distortion
 O - a +4 great sword of freezing (weapon)
Missiles
 i - 3 boomerangs
 n - 9 poisoned darts
Armour
 q - the +0 scale mail "Jocu" {rF+ Stlth+}
   (You found it on level 8 of the Dungeon)

   rF:        It protects you from fire.
   Stlth:     It makes you more stealthy.
 s - a +0 cloak (worn)
 B - a +4 ring mail of poison resistance (worn)
Jewellery
 d - an amulet of regeneration (around neck)
 e - an amulet of magic regeneration
 f - a ring of resist corrosion (left hand)
 g - a ring of see invisible
 o - a ring of protection from cold (right hand)
 t - a ring of wizardry
 I - an amulet of the acrobat
 Q - a ring of ice
Wands
 a - a wand of polymorph (2)
 C - a wand of acid (6) (quivered)
 J - a wand of roots (6)
 M - a wand of mindburst (15)
Scrolls
 h - 2 scrolls of teleportation
 j - 4 scrolls of amnesia
 m - 2 scrolls of fear
 p - 2 scrolls of enchant armour
 r - 2 scrolls of immolation
 v - a scroll of magic mapping
 y - 3 scrolls of fog
 z - 2 scrolls of butterflies {unknown}
 D - 3 scrolls of vulnerability {unknown}
 G - a scroll of poison {unknown}
 H - a scroll of silence {unknown}
 L - a scroll of enchant weapon {unknown}
 P - 2 scrolls of blinking {unknown}
Potions
 b - a potion of degeneration {unknown}
 c - a potion of ambrosia
 k - 3 potions of might {unknown}
 u - a potion of brilliance {unknown}
 w - 3 potions of curing
 x - 7 potions of heal wounds {unknown}
 A - a potion of flight {unknown}
 E - 3 potions of attraction {unknown}
 F - a potion of magic {unknown}
 K - a potion of resistance {unknown}


   Skills:
 * Level 9.4 Fighting
 * Level 9.4 Long Blades
 + Level 8.6 Armour
 - Level 3.0 Dodging
 + Level 1.7 Shields
 + Level 2.0 Invocations


You had 9 spell levels left.
You didn't know any spells.
Your spell library contained the following spells:

 Spells                   Type           Power      Damage    Failure   Level
 Magic Dart               Conj           0%         1d3       58%         1
 Slow                     Hex            0%         N/A       58%         1
 Call Imp                 Summ           0%         N/A       73%         2
 Lesser Beckoning         Tloc           0%         N/A       73%         2
 Confusing Touch          Hex            0%         N/A       91%         3
 Gell's Gravitas          Tloc           0%         N/A       91%         3
 Inner Flame              Hex/Fire       0%         N/A       91%         3
 Mephitic Cloud           Conj/Pois/Air  0%         N/A       91%         3
 Teleport Other           Tloc           0%         N/A       91%         3
 Vampiric Draining        Necr           0%         2d6       91%         3
 Vhi's Electric Charge    Tloc/Air       0%         N/A       91%         3
 Arcjolt                  Conj/Air       0%         1d10      100%        5
 Yara's Violent Unravell  Hex/Tmut       0%         3d3       100%        5
 Dispersal                Tloc           0%         N/A       100%        6
 Enfeeble                 Hex            0%         N/A       100%        7
 Maxwell's Capacitive Co  Air            0%         ∞         100%        8


Dungeon Overview and Level Annotations

Branches:
Dungeon (9/15)             Temple (1/1) D:7
   Lair: D:8-11         Orc: D:9-12

Altars:
Ashenzari
Dithmenos
Elyvilon
Qazlal
Yredelemnul
The Shining One


Message History

You freeze the electric eel.
You kill the electric eel!
The electric eel shoots out a bolt of lightning at you!
The bolt of electricity hits you. The orc warrior barely misses you.
You hit the wraith.
The wraith is lightly damaged.
The orc warrior hits you with a +0 battleaxe!
The wraith hits you!
You hit the orc. You freeze the orc.
The orc is moderately wounded.
The orc warrior hits you but does no damage.
The wraith hits you. The wraith drains your vigour!
You feel yourself slow down.
The orc hits you with a +1 mace of draining.
You partially resist.
You feel drained.
You slice the orc!! You freeze the orc.
You kill the orc!
The orc warrior misses you. The wraith closely misses you.
The orc warrior hits you with a +0 battleaxe.
The wraith hits you.
You slice the wraith!! You freeze the wraith.
The wraith is almost destroyed.
The orc warrior hits you with a +0 battleaxe.
The wraith barely misses you.
The orc warrior hits you but does no damage.
The electric eel shoots out a bolt of lightning at you!
The bolt of electricity hits you! The wraith hits you!
* * * LOW HITPOINT WARNING * * *
The electric eel shoots out a bolt of lightning at you!
The bolt of electricity misses you. The wraith hits you but does no damage.
The orc warrior hits you with a +0 battleaxe.
* * * LOW HITPOINT WARNING * * *
The wraith barely misses you.
You closely miss the electric eel. The orc warrior closely misses you.
The electric eel shoots out a bolt of lightning at you!
The bolt of electricity hits you!
* * * LOW HITPOINT WARNING * * *
The wraith hits you!
You die...

........#)......#...#
##.#
...(....'....####<.##..~
###
...##++##....#....##..~.~
...#........)#...##..~...
...#.........#..##..~.~.~
...#.........#.##..~...~.
...#.........).#..~.~.~.~
...#.........###.S...~...
...#...........'@)~.~.~.~
...#...........'oW.~.8)~.
...##..........'..~.~.~.~
....#..........#.~$.)~...
....#..........#..~.~.~.~
....#..........##..~...~.
....#..###########..~.~.~
....# #..~... ....#
#..~.~


You could see a wraith, an orc warrior and an electric eel.

Vanquished Creatures
  A two-headed ogre (D:9)
  A deep elf zephyrmancer (D:7)
  Joseph (D:8)
  A shadow (D:9)
  6 yaks (D:8)
  A wyvern (D:7)
  2 steam dragons (D:9)
  Menkaure (D:7)
  A water moccasin (D:8)
  An orc warrior (D:7)
  Duvessa (D:4)
  A black bear (D:6)
  An ogre (D:5)
  2 centaurs
  A phantom (D:6)
  A kobold brigand (D:7)
  2 bullfrogs
  3 scorpions
  7 wights (D:8)
  Dowan (D:4)
  2 howler monkeys
  4 killer bees (D:9)
  2 electric eels (D:9)
  2 hounds
  4 jellies
  An orc priest (D:5)
  Jessica (D:3)
  2 iguanas
  4 orc wizards
  5 gnolls
  8 adders
  A shadow imp (D:4)
  A white imp (D:5)
  An ufetubus (D:4)
  2 worms
  5 dart slugs
  14 orcs
  3 endoplasms (D:1)
  4 giant cockroaches
  11 goblins
  4 hobgoblins
  5 quokkas
  9 ball pythons
  3 bats
  5 frilled lizards
  15 kobolds
  4 rats
158 creatures vanquished.

Vanquished Creatures (others)
  An orc (D:9)
  A butterfly (D:5)
2 creatures vanquished.

Grand Total: 160 creatures vanquished

Notes
Turn   | Place    | Note
-------+----------+-------------------------------------------
     0 | D:1      | jagang the Human Monk began the quest for the Orb.
     0 | D:1      | Reached XP level 1. HP: 18/18 MP: 1/1
   135 | D:1      | Reached XP level 2. HP: 24/24 MP: 2/2
   205 | D:1      | Reached skill level 1 in Armour
   333 | D:1      | Reached XP level 3. HP: 29/29 MP: 3/3
   815 | D:2      | Reached XP level 4. HP: 36/36 MP: 4/4
  1520 | D:3      | Noticed Jessica
  1531 | D:3      | Killed Jessica
  1532 | D:3      | Reached XP level 5. HP: 23/42 MP: 5/5
  2478 | D:4      | Reached XP level 6. HP: 12/48 MP: 6/6
  3016 | D:4      | Noticed Duvessa
  3016 | D:4      | Noticed Dowan
  3042 | D:4      | Killed Duvessa
  3051 | D:4      | Killed Dowan
  3052 | D:4      | Reached XP level 7. HP: 17/55 MP: 7/7
  3508 | D:5      | Entered Level 5 of the Dungeon
  3802 | D:5      | Reached skill level 5 in Long Blades
  3875 | D:5      | Reached skill level 5 in Fighting
  4038 | D:5      | Found a white marble altar of Elyvilon.
  4283 | D:5      | Reached XP level 8. HP: 48/63 MP: 8/8
  4456 | D:5      | Found a shadowy altar of Dithmenos.
  5088 | D:6      | Reached skill level 5 in Armour
  5616 | D:6      | Found a broken altar of Ashenzari.
  6153 | D:7      | Noticed Menkaure
  6204 | D:7      | Killed Menkaure
  6373 | D:7      | Reached XP level 9. HP: 63/71 MP: 9/9
  6833 | D:7      | Found a staircase to the Ecumenical Temple.
  6842 | Temple   | Entered the Ecumenical Temple
  6857 | Temple   | Became a worshipper of the Shining One
  6857 | Temple   | Reached * piety under the Shining One
  6857 | Temple   | Reached ** piety under the Shining One
  7152 | D:7      | Noticed a deep elf zephyrmancer
  7172 | D:7      | Killed a deep elf zephyrmancer
  7422 | D:8      | Noticed Joseph
  7443 | D:8      | Killed Joseph
  7737 | D:8      | Identified the +0 scale mail "Jocu" {rF+ Stlth+}
  7953 | D:8      | Reached XP level 10. HP: 55/80 MP: 10/10
  8211 | D:8      | Found a stormy altar of Qazlal.
  8661 | D:9      | Noticed a two-headed ogre
  8664 | D:9      | Killed a two-headed ogre
  8665 | D:9      | Reached skill level 1 in Shields
  8665 | D:9      | Reached skill level 1 in Invocations
  8819 | D:9      | Reached *** piety under the Shining One
  8835 | D:9      | Slain by a wraith

Illustrated notes

Levels and vault maps discovered:
D:1:      dpeg_arrival_pits, layout_loops_ring
D:2:      layout_loops_ring, chequers_jeans
D:3:      layout_loops_ring, lexackson_kobold_supper, uniq_jessica
D:4:      layout_loops_ring, uniq_duvessa
D:5:      layout_layer_cave, grunt_dithmenos_smoke_and_mirrors,
          nicolae_elyvilon_peaceful_grove, corexii_hall_statues_l,
          minmay_fountain_box
D:6:      layout_gridville, old_standard_altar
D:7:      layout_cave_pods, lemuel_temple_firewalk_a, guppyfry_early_elven_hall,
          uniq_menkaure
D:8:      layout_rooms, nicolae_qazlal_eye_of_the_storm, uniq_joseph
D:9:      layout_irregular_city, kennysheep_cluttered_room
Temple:   nicolae_temple_slightly_damp_pantheon

Skill      XL: |  1  2  3  4  5  6  7  8  9 10 |
---------------+-------------------------------+-----
Armour         | 1 2 3 4 5 7 8 |  8.6
Long Blades    | 4 5 6 8 9 |  9.4
Fighting       | 4 5 6 8 9 |  9.4
Shields        | 1 |  1.7
Invocations    | 2 |  2.0
Dodging        | |  3.0

Action                     |  1- 3 |  4- 6 |  7- 9 | 10-12 || total
---------------------------+-------+-------+-------+-------++-------
  Melee: Falchion          |    76 |   165 |   283 |    21 ||   545
         Punch             |       |       |     3 |       ||     3
         Great sword       |       |       |       |    54 ||    54
  Throw: Dart              |       |     4 |    11 |       ||    15
  Evoke: Wand              |       |       |     1 |     1 ||     2
    Use: Scroll            |       |       |     6 |     2 ||     8
 Armour: Robe              |     9 |       |       |       ||     9
         Chain mail        |     5 |    90 |       |       ||    95
         Ring mail         |       |       |   101 |    26 ||   127
  Dodge: Dodged            |    60 |    78 |   127 |    48 ||   313
